 Dungeon Crawl Stone Soup version 0.32-a0-314-g526f7d4993 (console) character file.

Game seed: 13547607820098938365

78 zenocrate the Sneak (level 4, 24/24 HPs)
             Began as a Felid Delver on Feb 15, 2024.
             Quit the game on level 4 of the Dungeon.
             The game lasted 00:01:36 (159 turns).

zenocrate the Sneak (Felid Delver)                   Turns: 159, Time: 00:01:37

Health: 24/24      AC:  1    Str:  8    XL:     4   Next: 15%
Magic:  5/5        EV: 18    Int: 15    God:
Gold:   21         SH:  0    Dex: 18    Spells: 3/3 levels left
                                        Lives:  1   Deaths: 1

rFire   . .          .
                       - Unarmed
rCold   . . .        (shield unavailable)
rNeg    . . .        (body armour unavailable)
rPois   .            (helmet unavailable)
rElec   .            (cloak unavailable)
rCorr   .            (gloves unavailable)
SInv    +            (boots unavailable)
Will    .....        (no amulet)
Stlth   ++++         (no ring)
HPRegen 0.24/turn    (no ring)
MPRegen 0.09/turn

%: no passive effects
@: no status effects
A: very small, claws 1, fangs 3, see invisible, shaggy fur 1, stealthy paws, no
weapons or thrown items, no armour, multi-lived
a: no special abilities


You were on level 4 of the Dungeon.
You visited 1 branch of the dungeon, and saw 2 of its levels.

You collected 21 gold pieces.

Inventory:

Wands
 e - a wand of digging (3)
Scrolls
 a - a scroll of fog
 b - a scroll of revelation
 g - a scroll of brand weapon {unknown}
 i - a scroll of summoning {unknown}
Potions
 d - a potion of haste
 f - a potion of heal wounds {unknown}
 h - a potion of degeneration {unknown}


   Skills:
 + Level 3.4 Fighting
 + Level 3.5 Dodging
 + Level 7.1 Stealth
 + Level 2.6 Unarmed Combat
 + Level 1.6 Evocations


You had 3 spell levels left.
You didn't know any spells.
Your spell library was empty.

Dungeon Overview and Level Annotations

Branches:
Dungeon (5/15)
 Temple: D:4-7

Altars:

Annotations:
D:4 Edmund


Innate Abilities, Weirdness & Mutations

You have sharp claws.
You have razor-sharp teeth.
You have supernaturally acute eyesight. (SInv)
You are covered in fur. (AC +1)
Your paws help you pounce on unaware monsters.
You are incapable of wielding weapons or throwing items.
You cannot wear armour.
You gain extra lives every three experience levels.


Message History

Unknown command.
A goblin comes into view. It is wielding a +0 dagger.
The goblin shouts!
Unknown command.
Edmund attacks as he pursues you! Edmund misses you.
As you read the scroll of fear, it crumbles to dust.
You assume a fearsome visage.
The goblin looks frightened!
Edmund looks frightened!
Unknown command.
Found a potion of haste.
Found a sedimented blue potion.
Found a scroll labelled EWIOR FOMNEO.
A bombardier beetle comes into view.
Found 3 stones.
Found 6 gold pieces.
A goblin comes into view. It is wielding a +0 dagger.
The goblin shouts!
An iguana comes into view.
The bombardier beetle waves its antennae.
The iguana hisses angrily.
You barely miss the iguana. You scratch the iguana.
The iguana is moderately wounded.
The iguana misses you. The goblin hits you with a +0 dagger.
You scratch the iguana. You bite the iguana, but do no damage.
The iguana is heavily wounded.
The iguana misses you. The goblin barely misses you. The iguana bites you.
The iguana closely misses you. The goblin attacks as it pursues you!
The goblin closely misses you. The iguana closely misses you.
Found 9 gold pieces.
The iguana attacks as it pursues you! The iguana completely misses you.
The iguana attacks as it pursues you! The iguana closely misses you.
Found 9 gold pieces.
Found a stone staircase leading up.
The iguana attacks as it pursues you! The iguana bites you!
Ouch! That really hurt!
You die...
You rejoin the land of the living...
Found a talisman of death, a scroll labelled GUDDAP YXTUP, 11 gold pieces and a dagger.
Unknown command.
Are you sure you want to abandon this character and quit the game? (Confirm with "yes".)

....#.).#
.##...#...
....#....
.?.....### ##
#.......#..#
...#.........
..........#
#@..# #..##
%...# .......
###..#..#
...#### ..$.
.# .... . ..
....######..
....$......


There were no monsters in sight!

Vanquished Creatures
  A centaur (D:5)
  A quokka (D:5)
2 creatures vanquished.

Notes
Turn   | Place    | Note
-------+----------+-------------------------------------------
     0 | D:5      | zenocrate the Felid Delver began the quest for the Orb.
     0 | D:5      | Reached XP level 1. HP: 12/12 MP: 2/2
    26 | D:5      | Noticed a centaur
    33 | D:5      | Killed a centaur
    34 | D:5      | Reached skill level 7 in Stealth
    34 | D:5      | Reached skill level 1 in Evocations
    34 | D:5      | Reached XP level 2. HP: 16/16 MP: 3/3
    34 | D:5      | Reached XP level 3. HP: 20/20 MP: 4/4
    34 | D:5      | Reached XP level 4. HP: 24/24 MP: 5/5
    34 | D:5      | Gained a life (2 lives remaining)
   114 | D:5      | Noticed Edmund
   125 | D:5      | Noticed a water moccasin
   158 | D:4      | Slain by an iguana
   158 | D:4      | Lost a life (1 life remaining)
   159 | D:4      | Quit the game

Illustrated notes

Levels and vault maps discovered:
D:4:      layout_cave_pools, minmay_temple_entry_stoned_glass, serial_bayou,
          serial_bayou_pond_e, serial_bayou_pond_e, serial_bayou_pond_b,
          serial_bayou_ford_a
D:5:      layout_rooms, kennysheep_generic_room_3, uniq_edmund,
          uniq_crazy_yiuf_cottage, uniq_blork_the_orc

Skill      XL: |  1 |
---------------+----+-----
Dodging        | 3 |  3.5
Stealth        | 7 |  7.1
Evocations     | 1 |  1.6
Fighting       | |  3.4
Unarmed Combat | |  2.6

Action                     |  1- 3 |  4- 6 || total
---------------------------+-------+-------++-------
  Melee: Unarmed           |     1 |     5 ||     6
         Bite              |       |     1 ||     1
    Use: Scroll            |       |     1 ||     1
   Stab: Sleeping          |     1 |     2 ||     3
 Armour: Skin              |       |     4 ||     4
  Dodge: Dodged            |       |    11 ||    11

Table legend: (Time is in decaauts)
 A = Elapsed time spent in this place.
 B = Non-inter-level travel time spent in this place.
 C = Inter-level travel time spent in this place.
 D = Time resting spent in this place.
 E = Time spent auto-exploring this place.
 F = Levels seen in this place.
 G = Mean time per level.
                   A        B        C        D        E       F      G
               +--------+--------+--------+--------+--------+-----+--------+
         Total |    158 |    158 |      0 |      0 |     87 |   2 |   79.0 |
       Dungeon |    158 |    158 |      0 |      0 |     87 |   2 |   79.0 |
               +--------+--------+--------+--------+--------+-----+--------+

Top non-repeatable levels by time:
     D:5: 127 daAuts
     D:4: 31 daAuts
